 Dungeon Crawl Stone Soup version 0.25-a0-1057-gcb8d101 (webtiles) character file.

Game seed: 4142010100296283353, levelgen mode: deterministic

184 Illumine the Chiller (level 5, -7/30 HPs)
             Began as a Gargoyle Ice Elementalist on May 13, 2020.
             Mangled by Crazy Yiuf
             ... wielding a +3 quarterstaff of chaos
              (9 damage)
             ... on level 3 of the Dungeon.
             The game lasted 00:05:14 (2657 turns).

Illumine the Chiller (Gargoyle Ice Elementalist)    Turns: 2657, Time: 00:05:15

Health: -7/30      AC:  6    Str: 11    XL:     5   Next: 63%
Magic:  7/9        EV: 12    Int: 17    God:
Gold:   87         SH:  0    Dex: 10    Spells: 3/10 levels left

rFire    . . .     SeeInvis .   f - +0 club
rCold    . . .     Gourm    .   (no shield)
rNeg     + . .     Faith    .   a - +0 robe
rPois    ∞         Spirit   .   (no helmet)
rElec    +         Reflect  .   (no cloak)
rCorr    .         Harm     .   (no gloves)
MR       .....                  (no boots)
Stlth    ++........             (no amulet)
HPRegen  0.10/turn              s - ring of wizardry
MPRegen  0.11/turn              (no ring)

@: no status effects
A: negative energy resistance 1, electricity resistance, unbreathing,
petrification resistance, rot immunity, AC +4
a: no special abilities


You were on level 3 of the Dungeon.
You were not hungry.

You visited 1 branch of the dungeon, and saw 3 of its levels.

You collected 87 gold pieces.

Inventory:

Hand Weapons
 f - a +0 club (weapon)
 p - a +2 vorpal spear
Missiles
 e - 12 poisoned darts (quivered)
Armour
 a - a +0 robe (worn)
 q - a cursed +0 robe
Jewellery
 j - an uncursed amulet of magic regeneration
 s - a ring of wizardry (left hand)
Scrolls
 b - a scroll of amnesia
 d - a scroll of teleportation
 i - 2 scrolls of fog
 n - 2 scrolls of magic mapping
Potions
 g - a potion of curing
 k - 2 potions of stabbing
 l - 2 potions of ambrosia
 m - a potion of magic {unknown}
 o - a potion of heal wounds {unknown}
 r - a potion of flight {unknown}
Comestibles
 c - 8 rations


   Skills:
 + Level 1.9 Fighting
 + Level 2.7 Dodging
 - Level 2.1 Stealth
 + Level 3.1 Spellcasting
 - Level 1.1 Charms
 + Level 4.7 Ice Magic


You had 3 spell levels left.
You knew the following spells:

 Your Spells              Type           Power        Failure   Level  Hunger
a - Freeze                Ice            ###.         1%          1    None
b - Frozen Ramparts       Ice            ###...       3%          3    ###....
c - Ozocubu's Armour      Chrm/Ice       ##......     6%          3    ###....

Your spell library contained the following spells:

 Spells                   Type           Power        Failure   Level  Hunger
 Hailstorm                Conj/Ice       ##......     26%         4    ####...
 Summon Ice Beast         Ice/Summ       ##......     26%         4    ####...


Dungeon Overview and Level Annotations

Branches:
Dungeon (3/15)

Altars:

Annotations:
D:3 Crazy Yiuf


Innate Abilities, Weirdness & Mutations

You are resistant to torment.
Your stone body is resilient. (AC +4)
You are immune to poison.
You resist negative energy. (rN+)
You are resistant to electric shocks. (rElec)
You can survive without breathing.
You are immune to petrification.
You are immune to rotting.


Message History

You throw a poisoned dart. The poisoned dart hits Crazy Yiuf.
Crazy Yiuf is poisoned.
Crazy Yiuf is moderately wounded.
The wall freezes Crazy Yiuf.
Crazy Yiuf completely misses you.
The wall freezes Crazy Yiuf. x2
Crazy Yiuf hits you with a +3 quarterstaff of chaos!!
Ouch! That really hurt!
The wall freezes Crazy Yiuf.
Crazy Yiuf rages.
Casting: Frozen Ramparts (dangerous; 3% risk of failure)
Confirm with . or Enter, or press ? or * to list all spells.
You cannot sustain more frozen ramparts right now.
Crazy Yiuf is nearby!
Crazy Yiuf hits you with a +3 quarterstaff of chaos!
* * * LOW HITPOINT WARNING * * *
Crazy Yiuf freezes you.
* * * LOW HITPOINT WARNING * * *
The frozen ramparts melt away.
Crazy Yiuf looks more healthy.
Crazy Yiuf hits you with a +3 quarterstaff of chaos!
You die...

#.# ##.#.......# #.#
#.....##.#.# #.# #[.#.##
#.# #.# #..#... #.#### ###
#.###..#######....##
###..)# #..#...#
#......####.'...# #....#.#
#.......#..##...# .#
##.#.#.# ##......#(### ###
.# #......# #.@g#######
##....### #.### ##.....##
#.# .#.......######.####
...................########
..........#####............
..........########.#######.
.#............# #.#
.........####.####.######


You could see Crazy Yiuf (berserk).

Vanquished Creatures
  Terence (D:2)
  Natasha (thrice) (D:3)
  3 adders (D:2)
  3 worms
  4 dart slugs (D:1)
  A leopard gecko (D:3)
  5 bats
  4 giant cockroaches
  5 goblins
  4 hobgoblins
  4 jackals (D:3)
  2 kobolds
  5 rats
44 creatures vanquished.

Notes
Turn   | Place    | Note
-------+----------+-------------------------------------------
     0 | D:1      | Illumine the Gargoyle Ice Elementalist began the quest for
                  | the Orb.
     0 | D:1      | Reached XP level 1. HP: 10/10 MP: 3/3
   234 | D:1      | Reached XP level 2. HP: 15/15 MP: 3/5
   361 | D:1      | Upgraded the game from 0.25-a0-1050-g88e6ef3 to
                  | 0.25-a0-1057-gcb8d101
   677 | D:1      | Reached XP level 3. HP: 19/19 MP: 3/6
   732 | D:1      | Learned a level 3 spell: Frozen Ramparts
  1312 | D:2      | Reached skill level 1 in Fighting
  1689 | D:2      | Reached XP level 4. HP: 25/25 MP: 5/7
  1694 | D:2      | Learned a level 3 spell: Ozocubu's Armour
  1791 | D:2      | Noticed Terence
  1811 | D:2      | Killed Terence
  2223 | D:3      | Noticed Natasha
  2238 | D:3      | Killed Natasha
  2238 | D:3      | Reached XP level 5. HP: 19/29 MP: 3/9
  2435 | D:3      | Noticed Natasha
  2444 | D:3      | Killed Natasha
  2444 | D:3      | Reached skill level 1 in Charms
  2542 | D:3      | Noticed Natasha
  2555 | D:3      | Killed Natasha
  2641 | D:3      | Found a runed translucent door.
  2642 | D:3      | Noticed Crazy Yiuf
  2654 | D:3      | HP: 1/30 [Crazy Yiuf/+3 quarterstaff of chaos (2)]
  2657 | D:3      | Mangled by Crazy Yiuf

Illustrated notes

Levels and vault maps discovered:
D:1:      doesnt_arrival_eight_statues, layout_basic
D:2:      minmay_door_path, layout_basic, first_ration, minmay_heptomino_d4,
          uniq_terence
D:3:      layout_loops_ring, lemuel_zombie_altar_kikubaaqudgha, uniq_natasha,
          uniq_crazy_yiuf_cottage

Skill      XL: |  1  2  3  4  5 |
---------------+----------------+-----
Dodging        | 2 |  2.7
Fighting       | 1 |  1.9
Spellcasting   | 3 |  3.1
Charms         | 1 |  1.1
Stealth        | |  2.1
Ice Magic      | |  4.7

Action                   |  1- 3 |  4- 6 || total
-------------------------+-------+-------++-------
Melee: Unarmed           |     3 |       ||     3
       Club              |     6 |     8 ||    14
Throw: Dart              |     6 |     9 ||    15
 Cast: Freeze            |    44 |    16 ||    60
       Frozen Ramparts   |       |     8 ||     8
  Use: Scroll            |       |     8 ||     8
  Eat: Chunk             |     3 |     4 ||     7
Armor: Robe              |    11 |     4 ||    15
Dodge: Dodged            |    23 |    16 ||    39

Table legend:
 A = Non-vault XP
 B = Vault XP
 C = Vault XP percentage of total XP
 D = Non-vault monster count
 E = Vault monster count
 F = Vault count percentage of total count
                 A         B        C        D         E       F
            +---------+---------+-------+---------+---------+-------
      Total |     157 |     106 |  40.3 |      37 |       7 |  15.9
            +---------+---------+-------+---------+---------+-------
        D:1 |      44 |       0 |   0.0 |      21 |       0 |   0.0
        D:2 |      21 |      71 |  77.2 |       5 |       6 |  54.5
        D:3 |      92 |      35 |  27.6 |      11 |       1 |   8.3
            +---------+---------+-------+---------+---------+-------
